 Dungeon Crawl Stone Soup version 0.27.0-1-g7a089689b8 (webtiles) character file.

Game seed: 16614320721537010375

319 Descartes the Sneak (level 6, -1/28 HPs)
             Began as a Spriggan Venom Mage on Aug 17, 2021.
             Was an Initiate of Dithmenos.
             Slain by a killer bee zombie (2 damage)
             ... on level 5 of the Dungeon.
             The game lasted 00:18:41 (4938 turns).

Descartes the Sneak (Spriggan Venom Mage)           Turns: 4938, Time: 00:18:41

Health: -1/28      AC:  3    Str:  6    XL:     6   Next: 21%
Magic:  11/11      EV: 18    Int: 22    God:    Dithmenos [......]
Gold:   10         SH:  0    Dex: 16    Spells: 10/11 levels left

rFire    . . .     SeeInvis +   a - +0 dagger (venom)
rCold    . . .     Faith    .   (shield restricted)
rNeg     . . .     Spirit   .   g - +0 robe
rPois    .         Reflect  .   (helmet restricted)
rElec    .         Harm     .   j - +0 cloak
rCorr    .         Rampage  .   (gloves unavailable)
Will     +....                  (boots unavailable)
Stlth    +++.......             (no amulet)
HPRegen  0.09/turn              o - +6 ring of intelligence
MPRegen  0.12/turn              (no ring)

@: mighty, very slightly contaminated, invisible, very quick
A: very small, no large weapons, unfitting armour, see invisible, speed 3
a: Renounce Religion


You were on level 5 of the Dungeon.
You worshipped Dithmenos.
Dithmenos was noncommittal.
You visited 2 branches of the dungeon, and saw 6 of its levels.

You collected 138 gold pieces.
You spent 128 gold pieces at shops.

Inventory:

Hand Weapons
 a - a +0 dagger of venom (weapon)
 b - the +5 fustibalus of the Howling Badger {speed, rC- Will+ rCorr SInv}
   (You acquired it on level 4 of the Dungeon)

   Attacks with this weapon are significantly faster.
   rC:        It makes you vulnerable to cold.
   SInv:      It lets you see invisible.
   rCorr:     It protects you from acid and corrosion.
   Will:      It increases your willpower.
Missiles
 e - 47 poisoned darts
 f - 230 stones
 i - 38 bolts
 n - 39 arrows
 s - 12 sling bullets
Armour
 g - a +0 robe (worn)
 j - a +0 cloak (worn)
Jewellery
 o - a +6 ring of intelligence (left hand)
Scrolls
 h - 2 scrolls of teleportation
 p - a scroll of enchant weapon {unknown}
 t - a scroll of blinking
 u - a scroll of immolation {unknown}
 v - 3 scrolls of noise
Potions
 c - a potion of flight
 d - a potion of curing
 k - a potion of invisibility
 l - 2 potions of resistance
 m - a potion of attraction


   Skills:
 + Level 1.6 Short Blades
 + Level 2.6 Slings
 + Level 4.3 Dodging
 + Level 4.9 Stealth
 - Level 3.0 Spellcasting
 - Level 2.0 Transmutations
 * Level 4.8 Poison Magic


You had 10 spell levels left.
You knew the following spells:

 Your Spells              Type           Power      Damage    Failure   Level
a - Sting                 Tmut/Pois      72%        1d6       3%          1

Your spell library contained the following spells:

 Spells                   Type           Power      Damage    Failure   Level
 Poisonous Vapours        Pois/Air       26%        N/A       7%          2
 Olgreb's Toxic Radiance  Pois           24%        N/A       17%         4
 Mephitic Cloud           Conj/Pois/Air  10%        N/A       19%         3
 Stone Arrow              Conj/Erth      6%         3d7       36%         3
 Animate Armour           Summ/Erth      6%         N/A       77%         4
 Bolt of Magma            Conj/Fire/Erth 1%         4d4       98%         5
 Lehudib's Crystal Spear  Conj/Erth      1%         10d2      100%        8
 Shatter                  Erth           1%         3d6*      100%        9


Dungeon Overview and Level Annotations

Branches:
Dungeon (5/15)             Temple (1/1) D:4

Altars:
Ashenzari
Cheibriados
Dithmenos
Elyvilon
Fedhas
Gozag
Hepliaklqana
Kikubaaqudgha
Makhleb
Nemelex Xobeh
Okawaru
Qazlal
Ru
Sif Muna
Trog
Uskayaw
Wu Jian
Xom
Yredelemnul
Zin
The Shining One

Shops:
D:4 ?*?:

Annotations:
D:3 2 transporters, makewrite's ghost, amateur MiMo


Innate Abilities, Weirdness & Mutations

You are very small and have problems with some larger weapons.
You are too small for most types of armour.
You have supernaturally acute eyesight. (SInv)
You cover ground extremely quickly. (Speed+++)


Message History

The hound skeleton misses you.
The orc wizard casts a spell.
The orc wizard flickers and vanishes for a moment.
The orc wizard misses you.
You climb upwards.
There is a stone staircase leading down here.
The orc wizard casts a spell at you. The puff of flame hits you!
* * * LOW HITPOINT WARNING * * *
You are too injured to fight recklessly!
You see here a +0 robe.
You are too injured to fight recklessly!
It was a potion of might.
You feel very mighty all of a sudden.
Your +0 dagger of venom begins to drip with poison!
a - a +0 dagger of venom (weapon)
You fade into invisibility!
You are very lightly contaminated with residual magic.
You puncture the orc wizard!
The orc wizard is poisoned.
The orc wizard is heavily wounded.
The orc wizard closely misses you.
You hit the orc wizard.
The orc wizard looks as sick as possible!
The orc wizard is almost dead.
You kill the orc wizard!
Dithmenos accepts your kill.
Items here: ) [[ †.
There is a stone staircase leading down here.
You climb downwards.
You hear the hiss of flowing sand.
There is an entrance to an ossuary on this level.
Hurry and find it before the portal is buried!
The killer bee zombie hits you!
* * * LOW HITPOINT WARNING * * *
The hound skeleton closely misses you.
The killer bee zombie completely misses you.
The centaur skeleton closely misses you.
The centaur skeleton barely misses you. The hound skeleton closely misses you.
The water moccasin skeleton barely misses you.
The killer bee zombie hits you.
You die...

#
...##.########
.......@Zoo..#
....o.ZZZ≈...#
.......Z≈§...#
....o.P.≈§Z§##
###...Z.≈§§§#
###..#.g.Z§Z#
#....Z.g.≈..
#.......#g$##
#........g.#


You could see an orc wizard, 3 gnolls, 3 orcs, a water moccasin zombie, a killer
bee zombie, 2 scorpion zombies, a centaur zombie (wandering), a howler monkey
zombie (wandering), a water moccasin skeleton, a hound skeleton and a centaur
skeleton.

Vanquished Creatures
  An ice beast (D:3)
  A hound (D:4)
  Jessica (D:2)
  An orc wizard (D:4)
  A gnoll (D:4)
  5 adders
  An adder skeleton (D:4)
  2 worms
  4 dart slugs
  An orc (D:3)
  4 ball pythons
  5 bats
  7 endoplasms
  3 giant cockroaches (D:1)
  6 goblins
  9 hobgoblins
  10 jackals
  A quokka (D:1)
  3 frilled lizards (D:3)
  7 kobolds
  7 rats
80 creatures vanquished.

Notes
Turn   | Place    | Note
-------+----------+-------------------------------------------
     0 | D:1      | Descartes the Spriggan Venom Mage began the quest for the
                  | Orb.
     0 | D:1      | Reached XP level 1. HP: 9/9 MP: 5/5
    16 | D:1      | Found a faded altar of an unknown god.
   327 | D:1      | Reached XP level 2. HP: 13/13 MP: 4/6
   817 | D:1      | Reached XP level 3. HP: 16/16 MP: 4/8
  1351 | D:2      | Reached skill level 1 in Slings
  1478 | D:2      | Noticed Jessica
  1615 | D:2      | Killed Jessica
  1616 | D:2      | Reached XP level 4. HP: 9/21 MP: 7/9
  2643 | D:3      | Found a transporter.
  2941 | D:3      | Reached XP level 5. HP: 24/24 MP: 10/10
  2984 | D:3      | Noticed an ice beast
  3184 | D:3      | Killed an ice beast
  3185 | D:3      | Reached skill level 1 in Short Blades
  3296 | D:3      | Found a transporter.
  3296 | D:3      | Noticed makewrite's ghost (amateur MiMo)
  3550 | D:4      | Found Sahuuts's Magic Scroll Shoppe.
  3636 | D:4      | Reached XP level 6. HP: 28/28 MP: 7/11
  3679 | D:4      | Bought a scroll of identify for 26 gold pieces
  3679 | D:4      | Bought a scroll of noise for 13 gold pieces
  3679 | D:4      | Bought a scroll of identify for 26 gold pieces
  3679 | D:4      | Bought a scroll of teleportation for 39 gold pieces
  3685 | D:4      | Found Kadenwiase's Book Emporium.
  3903 | D:4      | Found a staircase to the Ecumenical Temple.
  3919 | Temple   | Entered the Ecumenical Temple
  4053 | Temple   | Became a worshipper of Dithmenos the Shadowed
  4213 | D:4      | Found Cueso's Magic Scroll Shop.
  4303 | D:4      | Found Myxycsa's General Store.
  4801 | D:5      | Entered Level 5 of the Dungeon
  4834 | D:4      | Bought a scroll of identify for 24 gold pieces
  4834 | D:4      | Identified a scroll of acquirement
  4835 | D:4      | Acquired the +5 fustibalus of the Howling Badger {speed,
                  | rC- Will+ rCorr SInv}
  4884 | D:5      | Noticed a water moccasin
  4938 | D:5      | HP: 1/28 [killer bee zombie (7)]
  4938 | D:5      | Slain by a killer bee zombie

Illustrated notes

Levels and vault maps discovered:
D:1:      scummos_arrival_simple_crosswalls, layout_basic,
          shapermc_ecumenical_altar_pompeii
D:2:      layout_loops_ring, uniq_jessica
D:3:      layout_loops_ring, gammafunk_ghost_arena
D:4:      layout_basic, minmay_temple_entry_large_hall, serial_shops,
          nicolae_shop_temple_entry_statues_fountains,
          nicolae_shop_competitors_out_of_business, nicolae_shop_crystal,
          kennysheep_little_box
D:5:      layout_rooms, gup_ossuary_entry_pyramid, serial_undead,
          serial_undead_d, serial_undead_f, serial_undead_d, serial_undead_d,
          serial_undead_c, serial_undead_a, grunt_ministairs_2
Temple:   kilobyte_greek_temple

Skill      XL: |  1  2  3  4  5 |
---------------+----------------+-----
Spellcasting   | 3 |  3.0
Dodging        | 3 4 |  4.3
Transmutations | 2 |  2.0
Slings         | 1 2 |  2.6
Stealth        | 4 |  4.9
Poison Magic   | 4 |  4.8
Short Blades   | 1 |  1.6

Action                   |  1- 3 |  4- 6 || total
-------------------------+-------+-------++-------
Melee: Dagger            |     8 |    15 ||    23
 Fire: Hunting sling     |       |    62 ||    62
       Fustibalus        |       |     3 ||     3
 Cast: Sting             |    60 |    58 ||   118
  Use: Scroll            |       |    10 ||    10
       Potion            |       |     2 ||     2
 Stab: Sleeping          |     6 |    10 ||    16
Armor: Robe              |     1 |     3 ||     4
Dodge: Dodged            |    13 |    35 ||    48
